 Dungeon Crawl Stone Soup version 0.27-a0-242-ge0fc76b88b (webtiles) character file.

Game seed: 14814117632061120965

206 mortress the Digger (level 5, -1/45 HPs)
             Began as a Deep Dwarf Earth Elementalist on Feb 1, 2021.
             Was an Initiate of Makhleb.
             Slain by a water moccasin skeleton (4 damage)
             ... on level 5 of the Dungeon on Feb 2, 2021.
             The game lasted 00:24:03 (4135 turns).

mortress the Digger (Deep Dwarf Earth Elementalist) Turns: 4135, Time: 00:24:04

Health: -1/45      AC:  3    Str: 12    XL:     5   Next: 53%
Magic:  2/8        EV: 13    Int: 16    God:    Makhleb [......]
Gold:   282        SH:  0    Dex: 13    Spells: 4/8 levels left

rFire    . . .     SeeInvis .   p - +2 dagger (protect)
rCold    . . .     Faith    .   (no shield)
rNeg     . . .     Spirit   .   c - +0 robe
rPois    .         Reflect  .   d - +0 helmet
rElec    .         Harm     .   (no cloak)
rCorr    .         Rampage  .   (no gloves)
Will     .....                  (no boots)
Stlth    ++........             (no amulet)
HPRegen  0.00/turn              (no ring)
MPRegen  0.11/turn              (no ring)

@: lethally poisoned (-1 -> -1), very slightly contaminated, non-regenerating
A: damage resistance, heal wounds, sense surroundings 1, no regeneration
a: Heal Wounds, Renounce Religion


You were on level 5 of the Dungeon.
You worshipped Makhleb.
Makhleb was noncommittal.
You visited 2 branches of the dungeon, and saw 6 of its levels.

You collected 282 gold pieces.

Inventory:

Hand Weapons
 p - a +2 dagger of protection (weapon)
Missiles
 b - 87 stones
Armour
 c - a +0 robe (worn)
 d - a +0 helmet (worn)
 i - a +0 kite shield
Jewellery
 t - an uncursed ring of protection from fire {unknown}
Wands
 l - a wand of digging (5)
Scrolls
 a - 5 scrolls of remove curse {unknown}
 f - a scroll of amnesia {unknown}
 h - 11 scrolls of identify {unknown}
 j - a scroll of blinking {unknown}
 k - 2 scrolls of magic mapping {unknown}
 m - 2 scrolls of enchant armour {unknown}
 n - 2 scrolls of teleportation {unknown}
 q - 3 scrolls of noise {unknown}
Potions
 e - a potion of heal wounds {unknown}
 g - 2 potions of haste {unknown}
 o - 2 potions of mutation {unknown}
 r - a potion of might {unknown}
 s - a potion of curing {unknown}


   Skills:
 + Level 1.6 Fighting
 + Level 3.2 Dodging
 + Level 3.7 Stealth
 + Level 2.4 Spellcasting
 + Level 0.6 Conjurations
 + Level 2.1 Transmutations
 + Level 4.9 Earth Magic


You had 4 spell levels left.
You knew the following spells:

 Your Spells              Type           Power        Failure   Level
a - Sandblast             Erth           34%          2%          1
b - Stone Arrow           Conj/Erth      20%          19%         3

Your spell library contained the following spells:

 Spells                   Type           Power        Failure   Level
 Passwall                 Tmut/Erth      10%          7%          2
 Petrify                  Tmut/Erth      13%          43%         4
 Lee's Rapid Deconstruct  Erth           8%           58%         5


Dungeon Overview and Level Annotations

Branches:
Dungeon (5/15)             Temple (1/1) D:4

Altars:
Cheibriados
Gozag
Hepliaklqana
Kikubaaqudgha
Makhleb
Okawaru
Qazlal
Uskayaw
The Shining One

Annotations:
D:2 1 runed translucent door, 1 exclusion, Crazy Yiuf
D:4 1 runed translucent door, exclusions: adder and orc priest, Edmund; ardl's ghost, amateur KoEn


Innate Abilities, Weirdness & Mutations

You are resistant to damage.
You can heal yourself by infusing magical energy.
You passively map a small area around you.
You do not regenerate.


Message History

* * * LOW HITPOINT WARNING * * *
Casting: Sandblast (safe; 2% risk of failure)
Confirm with . or Enter, or press ? or * to list all spells.
Aiming: Sandblast (safe; 2% risk of failure)
Press: ? - help, Shift-Dir - straight line, f/p - water moccasin skeleton
Aim: a water moccasin skeleton (moderately damaged, 15% to evade)
The blast of sand hits the water moccasin skeleton!
The water moccasin skeleton is almost destroyed.
The water moccasin skeleton closely misses you.
Casting: Sandblast (safe; 2% risk of failure)
Confirm with . or Enter, or press ? or * to list all spells.
Aiming: Sandblast (safe; 2% risk of failure)
Press: ? - help, Shift-Dir - straight line, f/p - water moccasin skeleton
Aim: a water moccasin skeleton (almost destroyed, 15% to evade)
You miscast Sandblast.
You are very lightly contaminated with residual magic.
Nothing appears to happen.
The water moccasin skeleton bites you.
* * * LOW HITPOINT WARNING * * *
The water moccasin skeleton bites you.
You die...

* #.# #.# #.#
#.# * #.#
#.####### #
#.........#
##.#######Z## *
#....@Z.#...# ,
#...###.....# *
,
#..##,#####...#
* #..# .... ..#
#.##......, . *
#.#Z..###.. ,
#.#..., #.., ,
#.##.. *... #.,
, * ...


You could see a water moccasin skeleton.

Vanquished Creatures
  A worker ant (D:5)
  3 gnolls (D:5)
  A howler monkey skeleton (D:5)
  5 adders
  2 white imps (D:5)
  6 worms
  2 dart slugs (D:1)
  10 bats
  2 giant cockroaches
  9 goblins
  4 hobgoblins
  3 jackals (D:3)
  8 kobolds
  2 quokkas (D:3)
  2 ball pythons
  5 frilled lizards
  5 rats
70 creatures vanquished.

Notes
Turn   | Place    | Note
-------+----------+-------------------------------------------
     0 | D:1      | mortress the Deep Dwarf Earth Elementalist began the quest
                  | for the Orb.
     0 | D:1      | Reached XP level 1. HP: 15/15 MP: 3/3
   330 | D:1      | Reached skill level 1 in Transmutations
   404 | D:1      | Reached XP level 2. HP: 7/24 MP: 2/4
   452 | D:1      | Found a snail-covered altar of Cheibriados.
  1235 | D:2      | Reached XP level 3. HP: 8/30 MP: 1/6
  1236 | D:2      | Reached skill level 1 in Fighting
  1460 | D:2      | Reached XP level 4. HP: 9/38 MP: 0/7
  1808 | D:2      | Found an opulent altar of Gozag.
  1875 | D:2      | Found a runed translucent door.
  1876 | D:2      | Noticed Crazy Yiuf
  2535 | D:3      | Learned a level 3 spell: Stone Arrow
  3070 | D:4      | Found a staircase to the Ecumenical Temple.
  3078 | Temple   | Entered the Ecumenical Temple
  3096 | Temple   | Became a worshipper of Makhleb the Destroyer
  3130 | D:4      | Noticed Edmund
  3132 | D:4      | Upgraded the game from 0.27-a0-223-ge082b6e869 to
                  | 0.27-a0-242-ge0fc76b88b
  3495 | D:4      | Found a runed translucent door.
  3497 | D:4      | Noticed ardl's ghost (amateur KoEn)
  3767 | D:5      | Entered Level 5 of the Dungeon
  3851 | D:5      | Reached XP level 5. HP: 10/44 MP: 5/8
  3864 | D:5      | HP: 2/44 [gnoll/+0 spear (8)]
  4135 | D:5      | Slain by a water moccasin skeleton

Illustrated notes

Levels and vault maps discovered:
D:1:      sevenhm_arrival_forest_fort_large_4, layout_loops_ring,
          cheibriados_altar_1
D:2:      layout_rooms, grunt_gozag_statues, uniq_crazy_yiuf_cottage
D:3:      layout_loops_corners
D:4:      layout_loops_ring, minmay_temple_entry_crystal_x,
          ebering_ghost_sewer_f, uniq_edmund
D:5:      layout_basic, gammafunk_ghost_icy
Temple:   dshaligram_water_room_temple

Skill      XL: |  1  2  3  4 |
---------------+-------------+-----
Transmutations | 1 2 |  2.1
Spellcasting   | 2 |  2.4
Fighting       | 1 |  1.6
Stealth        | 3 |  3.7
Dodging        | 3 |  3.2
Conjurations   | |  0.6
Earth Magic    | |  4.9

Action                   |  1- 3 |  4- 6 || total
-------------------------+-------+-------++-------
Melee: Unarmed           |     8 |       ||     8
       Dagger            |    12 |     1 ||    13
 Cast: Sandblast         |    42 |    72 ||   114
       Stone Arrow       |       |     1 ||     1
 Abil: Heal Wounds       |       |     1 ||     1
 Stab: Sleeping          |     1 |       ||     1
Armor: Robe              |     3 |     2 ||     5
Dodge: Dodged            |    19 |    10 ||    29

Table legend: (Time is in decaauts)
 A = Elapsed time spent in this place.
 B = Non-inter-level travel time spent in this place.
 C = Inter-level travel time spent in this place.
 D = Time resting spent in this place.
 E = Time spent auto-exploring this place.
 F = Levels seen in this place.
 G = Mean time per level.
                   A        B        C        D        E       F      G
               +--------+--------+--------+--------+--------+-----+--------+
         Total |   4136 |   3914 |    222 |    712 |   2467 |   6 |  689.3 |
       Dungeon |   4101 |   3879 |    222 |    712 |   2455 |   5 |  820.2 |
        Temple |     34 |     34 |      0 |      0 |     12 |   1 |   34.0 |
               +--------+--------+--------+--------+--------+-----+--------+

Top non-repeatable levels by time:
     D:3: 1230 daAuts
     D:2: 1018 daAuts
     D:1: 927 daAuts
     D:4: 601 daAuts
     D:5: 323 daAuts
  Temple: 34 daAuts
